 Dungeon Crawl Stone Soup version 0.31-a0-986-g5e6e4ef867 (webtiles) character file.

Game seed: 15196060989015670988

428 Whiskey the Changeling (level 6, -3/59 HPs)
             Began as a Troll Shapeshifter on Nov 6, 2023.
             Was an Initiate of Qazlal.
             Killed from afar by an electric eel (6 damage)
             ... with a bolt of electricity
             ... on level 4 of the Dungeon.
             The game lasted 00:09:07 (2998 turns).

Whiskey the Changeling (Troll Shapeshifter)         Turns: 2998, Time: 00:09:08

Health: -3/59      AC:  4    Str: 23    XL:     6   Next: 65%
Magic:  5/5        EV:  9    Int:  8    God:    Qazlal [......]
Gold:   350        SH:  0    Dex:  9    Spells: 5/5 levels left

rFire   . .          .
                       - Unarmed
rCold   . . .        (no shield)
rNeg    . . .        a - +0 animal skin
rPois   +            (helmet currently unavailable)
rElec   .            (cloak currently unavailable)
rCorr   .            (gloves unavailable)
SInv    .            (boots unavailable)
Will    .....        (no amulet)
Stlth   +            p - ring of poison resistance {rPois, !d}
HPRegen 1.09/turn    (no ring)
MPRegen 0.09/turn

%: no passive effects
@: beast-form
A: beast (slay +3), large, unfitting armour, claws 3, regeneration 1, shaggy fur
1, tough skin 1
a: Begin Untransformation, Renounce Religion


You were on level 4 of the Dungeon.
You worshipped Qazlal.
Qazlal was noncommittal.
You were a hulking beast.
You visited 2 branches of the dungeon, and saw 5 of its levels.

You collected 350 gold pieces.

Inventory:

Missiles
 f - 4 curare-tipped darts
Armour
 a - a +0 animal skin (worn)
 m - a +2 hat
   (You found it on level 2 of the Dungeon)
 n - a +0 robe
   (You took it off Jessica on level 2 of the Dungeon)
Jewellery
 p - a ring of poison resistance (left claw) {rPois, !d}
   (You found it on level 3 of the Dungeon)
Talismans
 c - a beast talisman
 d - a flux talisman
Wands
 y - a wand of flame (19)
   (You found it on level 4 of the Dungeon)
Scrolls
 g - 3 scrolls of fear {unknown}
 h - 3 scrolls of identify {unknown}
 j - a scroll of fog {unknown}
 l - a scroll of vulnerability {unknown}
 s - a scroll of immolation {unknown}
 u - 4 scrolls of brand weapon {unknown}
 v - 2 scrolls of teleportation {unknown}
 w - a scroll of amnesia {unknown}
Potions
 b - 3 potions of lignification {!q}
 e - a potion of cancellation {unknown}
 i - a potion of mutation {unknown}
 k - 2 potions of ambrosia {unknown}
 o - a potion of might {unknown}
 q - a potion of curing {unknown}
 r - a potion of haste {unknown}
 t - 2 potions of heal wounds {unknown}
 x - a potion of brilliance {unknown}


   Skills:
 + Level 2.8 Fighting
 - Level 1.6 Dodging
 + Level 4.5 Unarmed Combat
 * Level 5.4 Shapeshifting


You had 5 spell levels left.
You didn't know any spells.
Your spell library contained the following spells:

 Spells                   Type           Power      Damage    Failure   Level
 Stone Arrow              Conj/Erth      0%         3d7       78%         3
 Animate Armour           Summ/Erth      0%         N/A       99%         4
 Lehudib's Crystal Spear  Conj/Erth      0%         10d2      100%        8


Dungeon Overview and Level Annotations

Branches:
Dungeon (4/15)             Temple (1/1) D:4

Altars:
Ashenzari
Cheibriados
Elyvilon
Gozag
Hepliaklqana
Kikubaaqudgha
Nemelex Xobeh
Okawaru
Qazlal
Ru
Sif Muna
Trog
Vehumet
Xom
Yredelemnul
Zin
The Shining One

Shops:
D:2 (   D:3 (

Annotations:
D:4 1 transporter


Innate Abilities, Weirdness & Mutations

You are a hulking beast.
Your limbs bulge with bestial killing power. (Slay +3)
You are too large for most types of armour.
You have claws for hands.
Your natural rate of healing is unusually fast.
You are covered in fur. (AC +1)
You have tough skin. (AC +1)


Message History

You claw the worm!
You kill the worm!
Qazlal accepts your kill.
No reachable target in view!
No reachable target in view!
No reachable target in view!
No reachable target in view!
No reachable target in view!
No reachable target in view!
No reachable target in view!
No reachable target in view!
No reachable target in view!
No reachable target in view!
No reachable target in view!
No reachable target in view!
You now have 314 gold pieces (gained 9).
An adder comes into view.
Health restored: 59 A giant cockroach comes into view.
The adder hisses angrily.
The adder bites you but does no damage.
You claw the adder!
You kill the adder!
Qazlal accepts your kill. The giant cockroach closely misses you.
You closely miss the giant cockroach.
The giant cockroach bites you but does no damage.
You mangle the giant cockroach!!
You kill the giant cockroach!
Qazlal accepts your kill.
No target in view!
No target in view!
No target in view!
No target in view!
No target in view!
No target in view!
No target in view!
No target in view!
No target in view!
No target in view!
No target in view!
No target in view!
x - a sedimented orange potion
Found a stone staircase leading up.
You now have 325 gold pieces (gained 11).
You now have 337 gold pieces (gained 12).
You now have 350 gold pieces (gained 13).
A dart slug comes into view.
The dart slug launches a dart at you. The slug dart hits you.
You take 3 damage, and have 56/59 hp.
The dart slug launches a dart at you.
The slug dart hits you but does no damage.
Health restored: 59 You claw the dart slug!
The dart slug launches a dart at you. The slug dart misses you.
You mangle the dart slug!!
You kill the dart slug!
Qazlal accepts your kill.
Partly explored, unvisited transporter.
Partly explored, unvisited transporter.
There is a transporter here.
You enter the transporter and appear at another place.
y - a wand of flame (19)
You open the door.
The electric eel shoots out a bolt of lightning at you!
The bolt of electricity hits you!
You take 9 damage, and have 50/59 hp.
The electric eel shoots out a bolt of lightning at you!
The bolt of electricity hits you! x2; The bolt of electricity hits the plant!
The plant begins to die.
There is an open door here.
You take 20 damage, and have 30/59 hp.
MASSIVE DAMAGE!!
The electric eel shoots out a bolt of lightning at you!
The bolt of electricity hits you!
The bolt of electricity hits the electric eel.
The electric eel completely resists.
The electric eel shoots out a bolt of lightning at you!
The bolt of electricity misses you.
The electric eel shoots out a bolt of lightning at you!
The bolt of electricity hits you!
* * * LOW HITPOINT WARNING * * *
You take 23 damage, and have 7/59 hp.
MASSIVE DAMAGE!!
You claw the electric eel!
The electric eel shoots out a bolt of lightning at you!
The bolt of electricity misses you.
The bolt of electricity hits the electric eel.
The electric eel completely resists.
The electric eel shoots out a bolt of lightning at you!
The bolt of electricity hits you.
* * * LOW HITPOINT WARNING * * *
You take 5 damage, and have 2/59 hp.
You scratch the electric eel.
You kill the electric eel!
Qazlal accepts your kill.
You hear a splash.
The electric eel shoots out a bolt of lightning at you!
The bolt of electricity hits you.
You die...

.....##...##..........#
..........<...........#
....................#########
............................#
............###############.#
............#8P#~S~~~~~#P8#.##
............#..#.......#..#..##
...........©#©.'..$♣...+)©#©..#
............#..#h......#..#...#
............#8P#†S~~~~~#P8#...#
............###############..##
..........#..................#
..........#..................#
..........#.............######
...........#............#
..........##............#
..........#............##


You could see 2 electric eels.

Vanquished Creatures
  2 scorpions (D:4)
  An electric eel (D:4)
  3 hounds (D:4)
  Jessica (D:2)
  2 iguanas (D:4)
  Terence (D:2)
  A gnoll (D:4)
  3 adders
  4 worms
  A dart slug (D:4)
  12 ball pythons
  7 endoplasms
  3 giant cockroaches
  3 goblins
  3 hobgoblins
  7 jackals
  3 kobolds
  3 quokkas (D:1)
  3 bats
  6 frilled lizards
  9 rats
78 creatures vanquished.

Notes
Turn   | Place    | Note
-------+----------+-------------------------------------------
     0 | D:1      | Whiskey the Troll Shapeshifter began the quest for the Orb.
     0 | D:1      | Reached XP level 1. HP: 18/18 MP: 0/0
    69 | D:1      | Reached skill level 1 in Fighting
   109 | D:1      | Reached XP level 2. HP: 27/27 MP: 1/1
   607 | D:2      | Reached XP level 3. HP: 31/33 MP: 2/2
   699 | D:2      | Noticed Terence
   705 | D:2      | HP: 8/33 [Terence/+0 flail (12)]
   708 | D:2      | Killed Terence
   711 | D:2      | HP: 5/33 [worm (9)]
   776 | D:2      | Reached XP level 4. HP: 41/41 MP: 3/3
  1035 | D:2      | Reached skill level 4 in Shapeshifting
  1071 | D:2      | Noticed Jessica
  1076 | D:2      | Killed Jessica
  1263 | D:2      | Found Jaoceit's Antique Weapon Shop.
  1986 | D:3      | Reached skill level 2 in Fighting
  2053 | D:3      | Found Oreumag's Weapon Shop.
  2316 | D:4      | Reached XP level 5. HP: 49/49 MP: 4/4
  2339 | D:4      | Reached skill level 4 in Unarmed Combat
  2354 | D:4      | Found a staircase to the Ecumenical Temple.
  2366 | D:4      | Reached skill level 5 in Shapeshifting
  2366 | D:4      | Reached XP level 6. HP: 31/59 MP: 5/5
  2384 | Temple   | Entered the Ecumenical Temple
  2426 | Temple   | Became a worshipper of Qazlal Stormbringer
  2712 | D:4      | Found a transporter.
  2714 | D:4      | Found a transporter.
  2996 | D:4      | HP: 7/59 [electric eel/bolt of electricity (16)]
  2997 | D:4      | HP: 2/59 [electric eel/bolt of electricity (6)]
  2998 | D:4      | Killed from afar by an electric eel

Illustrated notes

Levels and vault maps discovered:
D:1:      matt_arrival_grand_opening, layout_loops_ring
D:2:      layout_basic, serial_shops, shop, minmay_domino_4, uniq_terence,
          uniq_jessica
D:3:      layout_loops_corners, serial_shops, shop_fountains,
          hangedman_decor_growths, grunt_ministairs_3,
          wander_ebering_terrifying_dragon_lair
D:4:      gammafunk_steamed_eel, layout_cave_pools,
          minmay_temple_entry_large_hall, minmay_misc_feat_iff,
          minmay_fractal_squares_5
Temple:   bh_familiar_temple

Skill      XL: |  1  2  3  4  5 |
---------------+----------------+-----
Fighting       | 1 2 |  2.8
Shapeshifting  | 4 5 |  5.4
Unarmed Combat | 4 |  4.5
Dodging        | |  1.6

Action                     |  1- 3 |  4- 6 || total
---------------------------+-------+-------++-------
  Melee: Unarmed           |    80 |    96 ||   176
         Punch             |     2 |     1 ||     3
 Armour: Animal skin       |    36 |    67 ||   103
  Dodge: Dodged            |    32 |    42 ||    74

Table legend: (Time is in decaauts)
 A = Elapsed time spent in this place.
 B = Non-inter-level travel time spent in this place.
 C = Inter-level travel time spent in this place.
 D = Time resting spent in this place.
 E = Time spent auto-exploring this place.
 F = Levels seen in this place.
 G = Mean time per level.
                   A        B        C        D        E       F      G
               +--------+--------+--------+--------+--------+-----+--------+
         Total |   2986 |   2833 |    153 |     47 |   2371 |   5 |  597.2 |
       Dungeon |   2916 |   2816 |    100 |     47 |   2357 |   4 |  729.0 |
        Temple |     69 |     16 |     53 |      0 |     14 |   1 |   69.0 |
               +--------+--------+--------+--------+--------+-----+--------+

Top non-repeatable levels by time:
     D:3: 905 daAuts
     D:2: 829 daAuts
     D:1: 592 daAuts
     D:4: 589 daAuts
  Temple: 69 daAuts

Levels and vault maps discovered:
D:1:      matt_arrival_grand_opening, layout_loops_ring
D:2:      layout_basic, serial_shops, shop, minmay_domino_4, uniq_terence,
          uniq_jessica
D:3:      layout_loops_corners, serial_shops, shop_fountains,
          hangedman_decor_growths, grunt_ministairs_3,
          wander_ebering_terrifying_dragon_lair
D:4:      gammafunk_steamed_eel, layout_cave_pools,
          minmay_temple_entry_large_hall, minmay_misc_feat_iff,
          minmay_fractal_squares_5
Temple:   bh_familiar_temple

Table legend: (Time is in decaauts)
 A = Elapsed time spent in this place.
 B = Non-inter-level travel time spent in this place.
 C = Inter-level travel time spent in this place.
 D = Time resting spent in this place.
 E = Time spent auto-exploring this place.
 F = Levels seen in this place.
 G = Mean time per level.
                   A        B        C        D        E       F      G
               +--------+--------+--------+--------+--------+-----+--------+
         Total |   2986 |   2833 |    153 |     47 |   2371 |   5 |  597.2 |
       Dungeon |   2916 |   2816 |    100 |     47 |   2357 |   4 |  729.0 |
        Temple |     69 |     16 |     53 |      0 |     14 |   1 |   69.0 |
               +--------+--------+--------+--------+--------+-----+--------+

Top non-repeatable levels by time:
     D:3: 905 daAuts
     D:2: 829 daAuts
     D:1: 592 daAuts
     D:4: 589 daAuts
  Temple: 69 daAuts

Table legend:
 A = Kills in this place as a percentage of kills in the entire game.
 B = Kills by you in this place as a percentage of kills by you in the entire game.
 C = Kills by friends in this place as a percentage of kills by friends in the entire game.
 D = Other kills in this place as a percentage of other kills in the entire game.
 E = Experience gained in this place as a percentage of experience gained in the entire game.
 F = Experience gained in this place divided by the number of levels of this place that you have seen.
                   A       B       C       D       E      F
               +-------+-------+-------+-------+-------+----------------------
         Total | 100.0 | 100.0 |   N/A |   N/A | 100.0 | 133.4
       Dungeon | 100.0 | 100.0 |   N/A |   N/A | 100.0 | 166.8
               +-------+-------+-------+-------+-------+----------------------
